 Dungeon Crawl Stone Soup version 0.31-a0-889-g1a8549509d (webtiles) character file.

Game seed: 6555363662398277835

4 zazu2006 the Cutter (level 1, 0/13 HPs)
             Began as a Gnoll Wanderer on Oct 16, 2023.
             Slain by a bat (1 damage)
             ... on level 1 of the Dungeon.
             The game lasted 00:00:18 (39 turns).

zazu2006 the Cutter (Gnoll Wanderer)                  Turns: 39, Time: 00:00:19

Health: 0/13       AC:  2    Str:  8    XL:     1   Next: 60%
Magic:  4/4        EV: 11    Int: 13    God:
Gold:   0          SH:  5    Dex: 12    Spells: 4/5 levels left

rFire   . . .        a - +2 short sword
rCold   . . .        b - +0 buckler
rNeg    . . .        d - +0 robe
rPois   .            (no helmet)
rElec   .            (no cloak)
rCorr   .            (no gloves)
SInv    .            (no boots)
Will    .....        (no amulet)
Stlth   +            (no ring)
HPRegen 0.22/turn    (no ring)
MPRegen 0.09/turn

%: no passive effects
@: no status effects
A: fangs 1, strong nose, distributed training
a: no special abilities


You were on level 1 of the Dungeon.
You visited 1 branch of the dungeon, and saw 1 of its levels.

Inventory:

Hand Weapons
 a - a +2 short sword (weapon)
Armour
 b - a +0 buckler (worn)
 d - a +0 robe (worn)
Potions
 c - a potion of heal wounds


   Skills:
 + Level 0.1 Fighting
 + Level 6.4 Short Blades
 + Level 0.1 Long Blades
 + Level 0.1 Axes
 + Level 0.1 Maces & Flails
 + Level 0.1 Polearms
 + Level 0.1 Staves
 + Level 0.1 Ranged Weapons
 + Level 0.1 Throwing
 + Level 2.4 Armour
 + Level 2.4 Dodging
 + Level 0.1 Stealth
 + Level 4.4 Shields
 + Level 0.1 Unarmed Combat
 + Level 2.6 Spellcasting
 + Level 0.1 Conjurations
 + Level 0.1 Hexes
 + Level 0.1 Summonings
 + Level 0.1 Necromancy
 + Level 0.1 Translocations
 + Level 2.0 Transmutations
 + Level 0.1 Fire Magic
 + Level 0.1 Ice Magic
 + Level 0.1 Air Magic
 + Level 0.1 Earth Magic
 + Level 0.1 Poison Magic
 + Level 0.2 Invocations
 + Level 2.4 Evocations
 + Level 0.1 Shapeshifting


You had 4 spell levels left.
You knew the following spells:

 Your Spells              Type           Power      Damage    Failure   Level
a - Sting                 Tmut/Pois      16%        1d3       24%         1

Your spell library contained the following spells:

 Spells                   Type           Power      Damage    Failure   Level
 Ignite Poison            Fire/Tmut/Pois 3%         N/A       63%         3


Dungeon Overview and Level Annotations

Branches:
Dungeon (1/15)

Altars:


Innate Abilities, Weirdness & Mutations

You have very sharp teeth.
Your uncanny sense of smell can sniff out nearby items.
Your experience applies equally to all skills.


Message History

The kobold splashes around in the water.
You hit the kobold.
The kobold is severely wounded.
You block the bat's attack.
The kobold splashes around in the water.
A rat comes into view.
You closely miss the kobold. Your bite misses the kobold.
The kobold is severely wounded.
The bat barely misses you. The bat hits you.
The kobold hits you with a +0 club.
You closely miss the kobold.
The kobold is severely wounded.
The bat barely misses you.
You hit the goblin.
You kill the goblin!
The bat hits you but does no damage. The kobold barely misses you.
You hit the endoplasm.
The endoplasm is moderately wounded.
The bat barely misses you. You block the kobold's attack.
The endoplasm freezes you.
You are frozen.
* * * LOW HITPOINT WARNING * * *
You hit the endoplasm.
You bite the endoplasm, but do no damage.
The endoplasm is severely wounded.
You block the kobold's attack.
You hit the endoplasm.
You kill the endoplasm!
The bat hits you but does no damage.
Your Transmutations skill increases to level 2!
You closely miss the kobold.
The kobold is severely wounded.
The kobold hits you with a +0 club.
* * * LOW HITPOINT WARNING * * *
The bat barely misses you.
You hit the kobold.
You kill the kobold!
You hear a splash. x2
The bat hits you.
You die...

#.#.≈≈.#~~~~~#8~.#
#.#.≈≈.#~...~#.~.#
#.#.≈§.#~.#.~#.~.#
#.#.≈≈.#~.#.~#8~.#
#.#.§≈.#~.#.~#.~.#
#<'....'..#..'...#
#.'(...'..#..'...#
#.#.§≈.#~.#.~#.~b#
#.#.≈≈.#~.#.~#8)@#
#.#.≈≈.#~.#.~#.~)#
#.#§§≈§#~...~#.~...
#.#§§§.#~~~~~#8~....
##############.~....
..~..... ~~~~#.....
#...# ......


You could see a bat.

Vanquished Creatures
  A ball python (D:1)
  An endoplasm (D:1)
  A goblin (D:1)
  A kobold (D:1)
4 creatures vanquished.

Notes
Turn   | Place    | Note
-------+----------+-------------------------------------------
     0 | D:1      | zazu2006 the Gnoll Wanderer began the quest for the Orb.
     0 | D:1      | zazu2006 set off with the following items: a +2 short
                  | sword, a +0 buckler, a potion of heal wounds, a +0 robe;
                  | and the following spell memorised: Sting; and the following
                  | spells available to memorise: Ignite Poison.
     0 | D:1      | Reached XP level 1. HP: 13/13 MP: 4/4
    39 | D:1      | Slain by a bat

Illustrated notes

Levels and vault maps discovered:
D:1:      lightli_arrival_isolated_outpost, layout_basic, minmay_3d_cube

Skill      XL: |  1 |
---------------+----+-----
Transmutations | 2 |  2.0
Fighting       | |  0.1
Short Blades   | |  6.4
Long Blades    | |  0.1
Axes           | |  0.1
Maces & Flails | |  0.1
Polearms       | |  0.1
Staves         | |  0.1
Ranged Weapons | |  0.1
Throwing       | |  0.1
Armour         | |  2.4
Dodging        | |  2.4
Stealth        | |  0.1
Shields        | |  4.4
Unarmed Combat | |  0.1
Spellcasting   | |  2.6
Conjurations   | |  0.1
Hexes          | |  0.1
Summonings     | |  0.1
Necromancy     | |  0.1
Translocations | |  0.1
Fire Magic     | |  0.1
Ice Magic      | |  0.1
Air Magic      | |  0.1
Earth Magic    | |  0.1
Poison Magic   | |  0.1
Invocations    | |  0.2
Evocations     | |  2.4
Shapeshifting  | |  0.1

Action                     || total
---------------------------++-------
  Melee: Short sword       ||    14
         Bite              ||     2
 Armour: Robe              ||    14
  Dodge: Dodged            ||    11
  Block: Buckler           ||     4

Table legend: (Time is in decaauts)
 A = Elapsed time spent in this place.
 B = Non-inter-level travel time spent in this place.
 C = Inter-level travel time spent in this place.
 D = Time resting spent in this place.
 E = Time spent auto-exploring this place.
 F = Levels seen in this place.
 G = Mean time per level.
                   A        B        C        D        E       F      G
               +--------+--------+--------+--------+--------+-----+--------+
         Total |     36 |     36 |      0 |      0 |     18 |   1 |   36.0 |
       Dungeon |     36 |     36 |      0 |      0 |     18 |   1 |   36.0 |
               +--------+--------+--------+--------+--------+-----+--------+

Top non-repeatable levels by time:
     D:1: 36 daAuts
